 Dungeon Crawl Stone Soup version 0.18.1-48-g4cf74bf (webtiles) character file.

242 Joat the Cudgeler (level 5, 15/46 HPs)
             Began as a Deep Dwarf Fighter on Aug 18, 2016.
             Quit the game on level 6 of the Dungeon.
             The game lasted 00:12:01 (2041 turns).

Joat the Cudgeler (Deep Dwarf Fighter)              Turns: 2041, Time: 00:12:02

Health: 15/46      AC:  6    Str: 20    XL:     5   Next: 82%
Magic:  5/5        EV:  7    Int:  9    God:
Gold:   137        SH:  0    Dex: 12    Spells: 0 memorised, 4 levels left

rFire  . . .     SeeInvis .     a - +0 flail
rCold  . . .     Gourm    .     b - +0 scale mail
rNeg   . . .     Faith    .     c - +0 shield
rPois  +         Spirit   .     (no helmet)
rElec  .         Dismiss  .     (no cloak)
rCorr  .         Reflect  .     (no gloves)
SustAt .         Harm     .     (no boots)
MR     .....                    (no amulet)
Stlth  ..........               (no ring)
                                q - ring of poison resistance

@: confused, non-regenerating, not resistant to hostile enchantments, extremely
unstealthy
A: damage resistance, recharge devices, sense surroundings 1, slow regeneration
3
a: Device Recharging


You were on level 6 of the Dungeon.
You were not hungry.

You visited 1 branch of the dungeon, and saw 6 of its levels.

You collected 137 gold pieces.

Inventory:

Hand Weapons
 a - a +0 flail (weapon)
Missiles
 n - a throwing net (quivered)
Armour
 b - a +0 scale mail (worn)
 c - a +0 shield (worn)
Magical Staves
 s - an uncursed staff of cold
Jewellery
 q - a ring of poison resistance (left hand)
Wands
 e - a wand of heal wounds (1/9)
Scrolls
 g - a scroll of enchant armour {unknown}
 j - 3 scrolls of remove curse {unknown}
 k - 2 scrolls of identify {unknown}
Potions
 d - a potion of might
 h - a potion of brilliance {unknown}
 i - a potion of cancellation {unknown}
 l - 2 potions of resistance {unknown}
 m - a potion of curing {unknown}
 o - a potion of mutation {unknown}
 p - a potion of agility {unknown}
Comestibles
 f - 2 bread rations
 r - 2 chunks of flesh


   Skills:
 - Level 2.6 Fighting
 + Level 6.2 Maces & Flails
 - Level 3.2 Armour
 - Level 3.2 Shields


You had 4 spell levels left.
You didn't know any spells.

Dungeon Overview and Level Annotations

Branches:
Dungeon (6/15)
 Temple: D:4-7

Altars:
Makhleb

Annotations:
D:3 Joat's ghost, amateur DDFi


Innate Abilities, Weirdness & Mutations

You are resistant to damage.
You can recharge devices by infusing magical energy.
You passively map a small area around you.
You do not regenerate naturally.


Message History

The orc shouts!
The gnoll barely misses you.
You bump into the rock wall.
The gnoll hits you but does no damage.
You bump into the rock wall.
The orc wizard casts a spell.
The orc wizard flickers and vanishes!
Deactivating autopickup; reactivate with Ctrl-A.
The gnoll hits you. The orc wizard casts a spell at you.
The puff of flame hits you!
You miss the gnoll.
The gnoll is heavily wounded.
The gnoll hits you.
The orc wizard hits you but does no damage.
The orc hits you but does no damage. The gnoll hits you but does no damage.
You sock the gnoll!
You kill the gnoll!
The orc wizard casts a spell at you. The puff of frost hits you!
The orc completely misses you.
Are you sure you want to abandon this character and quit the game? (Confirm with "yes".)

,* * , * * * * *
* * # , , ,*
.###.##########
, ,
.....[.<......#
*.###.##@#####.#
#..{ooo..... ,
####o.###### * ,
, ,.... ,, *
....# ,, #....#
*,, #....#
#....#


You could see an orc wizard and 3 orcs.

Vanquished Creatures
  3 orc wizards
  5 gnolls
  4 adders
  2 worms
  4 dart slugs
  2 giant geckos
  5 orcs
  5 bats
  5 giant cockroaches
  5 goblins
  6 hobgoblins
  2 jackals (D:1)
  4 kobolds
  A ball python (D:1)
  2 giant newts (D:2)
  4 rats
59 creatures vanquished.

Notes
Turn   | Place    | Note
--------------------------------------------------------------
     0 | D:1      | Joat the Deep Dwarf Fighter began the quest for the Orb.
     0 | D:1      | Reached XP level 1. HP: 20/20 MP: 1/1
    43 | D:1      | Reached XP level 2. HP: 27/27 MP: 2/2
   117 | D:1      | Reached skill level 3 in Maces & Flails
   401 | D:1      | Reached XP level 3. HP: 29/33 MP: 3/3
  1065 | D:2      | Reached skill level 4 in Maces & Flails
  1293 | D:2      | Reached XP level 4. HP: 33/40 MP: 4/4
  1326 | D:2      | HP: 1/40 [gnoll/spear (5)]
  1639 | D:3      | Reached skill level 5 in Maces & Flails
  1698 | D:3      | Found a burning altar of Makhleb.
  1749 | D:3      | Noticed Joat's ghost (amateur DDFi)
  1779 | D:3      | Reached XP level 5. HP: 23/46 MP: 5/5
  1974 | D:4      | Reached skill level 6 in Maces & Flails
  2013 | D:4      | Noticed an ogre
  2029 | D:5      | Entered Level 5 of the Dungeon
  2029 | D:5      | Noticed a phantom
  2041 | D:6      | Quit the game

Skill      XL: |  1  2  3  4  5 |
---------------+----------------+-----
Maces & Flails | 3 4 5 6 |  6.2
Fighting       | |  2.6
Armour         | |  3.2
Shields        | |  3.2

Action                   |  1- 3 |  4- 6 || total
-------------------------+-------+-------++-------
Melee: Flail             |   114 |   144 ||   258
Evoke: Wand              |       |     4 ||     4
  Eat: Chunk             |     1 |     3 ||     4
Armor: Scale mail        |    49 |    57 ||   106
Dodge: Dodged            |    33 |    40 ||    73
Block: Shield            |    44 |    57 ||   101
